 Dungeon Crawl Stone Soup version 0.21.0-3-g78d12a8bdd (webtiles) character file.

508 BritishOli the Slasher (level 6, -6/48 HPs)
             Began as a Demonspawn Gladiator on Jan 17, 2018.
             Mangled by an ogre
             ... wielding a +0 giant club
              (19 damage)
             ... on level 4 of the Dungeon.
             The game lasted 00:09:59 (4640 turns).

BritishOli the Slasher (Demonspawn Gladiator)       Turns: 4640, Time: 00:09:59

Health: -6/48      AC: 11    Str: 16    XL:     6   Next: 98%
Magic:  6/6        EV: 10    Int:  9    God:
Gold:   220        SH:  0    Dex: 15    Spells: 5/5 levels left

rFire    . . .     SeeInvis .   y - +0 short sword (curse)
rCold    . . .     Gourm    .   (no shield)
rNeg     . . .     Faith    +   o - +0 chain mail (curse)
rPois    .         Spirit   .   c - +1 helmet
rElec    .         Reflect  .   (no cloak)
rCorr    .         Harm     .   (no gloves)
MR       .....                  (no boots)
Stlth    ..........             s - amulet of faith
HPRegen  0.16/turn              t - ring of flight
MPRegen  0.10/turn              (no ring)

@: no status effects
A: repulsion field 1, powered by death 1
a: Evoke Flight


You were on level 4 of the Dungeon.
You were not hungry.

You visited 1 branch of the dungeon, and saw 4 of its levels.

You collected 220 gold pieces.

Inventory:

Hand Weapons
 a - a +0 long sword
 q - a +0 hunting sling
 y - a cursed +0 short sword (weapon)
Missiles
 d - 3 throwing nets
 r - 91 stones
 v - 2 tomahawks (quivered)
Armour
 b - a +0 leather armour
 c - a +1 helmet (worn)
 h - a +0 leather armour of fire resistance
 o - a cursed +0 chain mail (worn)
Jewellery
 s - an amulet of faith (around neck)
 t - a ring of flight (left hand)
Scrolls
 g - 2 scrolls of identify {unknown}
 i - a scroll of teleportation {unknown}
 j - a scroll of enchant armour
 k - 2 scrolls of blinking
 u - 2 scrolls of immolation {unknown}
 x - a scroll of fear {unknown}
Potions
 e - a potion of curing {unknown}
 l - a potion of invisibility {unknown}
 m - a potion of agility {unknown}
 n - a potion of lignification {unknown}
 p - a potion of haste {unknown}
 w - a potion of cancellation {unknown}
Comestibles
 f - 5 rations


   Skills:
 + Level 3.7 Fighting
 * Level 5.0 Long Blades
 - Level 1.7 Throwing
 + Level 2.7 Armour
 + Level 4.0 Dodging


You had 5 spell levels left.
You didn't know any spells.

Dungeon Overview and Level Annotations

Branches:
Dungeon (4/15)
 Temple: D:4-7

Altars:
Cheibriados
Elyvilon
Makhleb
Qazlal
Ru
Sif Muna
Trog
Wu Jian
Yredelemnul
The Shining One

Annotations:
D:4 Roak's ghost, amateur DrMo


Innate Abilities, Weirdness & Mutations

You are surrounded by a mild repulsion field. (EV +2)
You regenerate a little health from kills.


Message History

The ogre is lightly wounded.
You hit the ogre but do no damage.
The ogre is lightly wounded.
The ogre hits you with a giant club.
You hit the ogre.
The ogre is moderately wounded.
The ogre closely misses you.
There is an open door here.
There is a stone staircase leading up here.
You hit the ogre.
The ogre is heavily wounded.
The ogre barely misses you.
You hit the ogre but do no damage.
The ogre is moderately wounded.
You puncture the ogre!
The ogre is severely wounded.
The ogre hits you with a giant club!
* * * LOW HITPOINT WARNING * * *
The ogre hits you with a giant club!!
You die...

######'####+#... #....[.#
............###### #!.....#
.................. #......#
.................. #......#
..####..##..#######
###+#...!..# .
#..##..###...###....#######
................#....#
.................#....#
#.#######.....@O..'....#
+.#.....#...#.....#(...#
#####.#.#.#...############
..#.'.._..'..##
....#.#.#.#...#
....#.....#..#############
....#######..##...#.......
....##...##...#...#.......
....##...##..##...o.......


You could see an ogre.

Vanquished Creatures
  A phantom (D:4)
  An ogre (D:4)
  The ghost of Esekla the Conjurer, an amateur FoCj (D:3)
  2 hounds
  2 orc wizards (D:3)
  5 adders
  An ooze (D:1)
  An adder skeleton (D:4)
  2 worms
  3 dart slugs
  3 leopard geckos
  10 orcs
  4 bats
  5 giant cockroaches
  4 goblins
  7 hobgoblins
  5 jackals (D:1)
  6 kobolds
  2 ball pythons
  4 frilled lizards
  8 rats
77 creatures vanquished.

Notes
Turn   | Place    | Note
-------+----------+-------------------------------------------
     0 | D:1      | BritishOli the Demonspawn Gladiator began the quest for the Orb.
     0 | D:1      | Reached XP level 1. HP: 16/16 MP: 1/1
    84 | D:1      | Gained mutation: You regenerate a little health from kills. [demonic ancestry]
    84 | D:1      | Reached XP level 2. HP: 22/22 MP: 2/2
    95 | D:1      | Reached skill level 3 in Long Blades
   214 | D:1      | Reached XP level 3. HP: 28/28 MP: 3/3
   273 | D:1      | Reached skill level 1 in Armour
   699 | D:2      | Found a bloodstained altar of Trog.
   947 | D:3      | Noticed Esekla's ghost (amateur FoCj)
  1149 | D:2      | Reached XP level 4. HP: 33/34 MP: 4/4
  1200 | D:2      | Found a sacrificial altar of Ru.
  1202 | D:2      | Found an ornate altar of the Wu Jian Council.
  1254 | D:2      | Found a basalt altar of Yredelemnul.
  1254 | D:2      | Found a burning altar of Makhleb.
  1256 | D:2      | Found a white marble altar of Elyvilon.
  1296 | D:3      | Killed Esekla's ghost
  1296 | D:3      | Gained mutation: You are surrounded by a mild repulsion field. (EV +2) [demonic ancestry]
  1296 | D:3      | Reached XP level 5. HP: 36/40 MP: 5/5
  1303 | D:3      | Found a glowing golden altar of the Shining One.
  1316 | D:3      | Found a snail-covered altar of Cheibriados.
  1439 | D:3      | Reached skill level 4 in Long Blades
  1575 | D:3      | Found a deep blue altar of Sif Muna.
  1970 | D:4      | Noticed Roak's ghost (amateur DrMo)
  2899 | D:3      | Reached XP level 6. HP: 37/47 MP: 6/6
  3633 | D:4      | Found a stormy altar of Qazlal.
  3680 | D:4      | Reached skill level 5 in Long Blades
  4640 | D:4      | Mangled by an ogre

Skill      XL: |  1  2  3  4  5  6 |
---------------+-------------------+-----
Long Blades    | 3 4 5 |  5.0
Armour         | 1 2 |  2.7
Dodging        | 3 4 |  4.0
Fighting       | 3 |  3.7
Throwing       | |  1.7

Action                   |  1- 3 |  4- 6 || total
-------------------------+-------+-------++-------
Melee: Long sword        |    93 |   180 ||   273
       Short sword       |       |   123 ||   123
 Fire: Hunting sling     |       |     3 ||     3
Throw: Tomahawk          |       |     4 ||     4
  Use: Scroll            |       |     2 ||     2
 Stab: Sleeping          |     2 |       ||     2
  Eat: Chunk             |     1 |     5 ||     6
       Ration            |       |     2 ||     2
Armor: Leather armour    |    10 |       ||    10
       Chain mail        |    10 |   151 ||   161
Dodge: Dodged            |    61 |   132 ||   193
       Rpst.: Long sword |    17 |    26 ||    43
